 Dungeon Crawl Stone Soup version 0.29-a0-824-gd827844252 (webtiles) character file.

Game seed: 16369612232385570147

457 kevlar127 the Ruffian (level 6, -4/97 HPs)
             Began as a Troll Berserker on July 9, 2022.
             Was a Priest of Trog.
             Slain by an ogre
             ... wielding a +0 giant club
              (13 damage)
             ... on level 4 of the Dungeon.
             The game lasted 00:05:40 (3266 turns).

kevlar127 the Ruffian (Troll Berserker)             Turns: 3266, Time: 00:05:41

Health: -4/97      AC:  4    Str: 28    XL:     6   Next: 77%
Magic:  0/5        EV: 10    Int:  3    God:    Trog [***...]
Gold:   176        SH:  0    Dex: 15    Spells: 5/5 levels left

rFire   . . .      SeeInvis .     - Unarmed
rCold   . . .      Faith    .   (no shield)
rNeg    . . .      Spirit   +   a - +0 animal skin
rPois   +          Reflect  .   (helmet restricted)
rElec   .          Harm     .   (no cloak)
rCorr   .          Rampage  .   (gloves unavailable)
Will    .....                   (boots unavailable)
Stlth   ..........              x - amulet of guardian spirit
HPRegen 1.06/turn               l - ring of poison resistance
MPRegen 0.09/turn               w - +6 ring of dexterity

@: berserking, very quick
A: large, unfitting armour, claws 3, regeneration 1, shaggy fur 1, tough skin 1
a: Renounce Religion, Berserk, Trog's Hand


You were on level 4 of the Dungeon.
You worshipped Trog.
Trog was most pleased with you.
You visited 1 branch of the dungeon, and saw 5 of its levels.

You collected 176 gold pieces.

Inventory:

Missiles
 c - 37 stones (quivered)
 d - 7 poisoned darts
 t - 2 javelins
Armour
 a - a +0 animal skin (worn)
Jewellery
 l - a ring of poison resistance (left claw)
 w - a +6 ring of dexterity (right claw)
 x - an amulet of guardian spirit (around neck)
Scrolls
 b - a scroll of torment {unknown}
 e - a scroll of fog {unknown}
 f - a scroll of fear {unknown}
 i - a scroll of teleportation {unknown}
 j - 3 scrolls of identify {unknown}
 k - 2 scrolls of vulnerability {unknown}
 m - 4 scrolls of immolation {unknown}
 p - a scroll of silence {unknown}
 q - a scroll of brand weapon {unknown}
 r - a scroll of enchant weapon {unknown}
 v - a scroll of poison {unknown}
Potions
 g - 2 potions of lignification {unknown}
 h - a potion of degeneration {unknown}
 n - a potion of resistance {unknown}
 o - a potion of might {unknown}
 s - a potion of haste {unknown}
 u - 2 potions of flight {unknown}


   Skills:
 + Level 4.8 Fighting
 - Level 2.4 Dodging
 + Level 5.8 Unarmed Combat


You had 5 spell levels left.
You didn't know any spells.
Your spell library was empty.

Dungeon Overview and Level Annotations

Branches:
Dungeon (5/15)
 Temple: D:4-7

Altars:
Hepliaklqana
Uskayaw

Shops:
D:1 (   D:2 [


Innate Abilities, Weirdness & Mutations

You are too large for most types of armour.
You have claws for hands.
Your natural rate of healing is unusually fast.
You are covered in fur. (AC +1)
You have tough skin. (AC +1)


Message History

You finish putting on your amulet of guardian spirit.
You feel your power drawn to a protective spirit.
x - an amulet of guardian spirit (around neck) Throw: 37 stones
Press: ? - help, Q - select action, (/) - cycle Shift-Dir - straight line, f - ogre
Aim: an ogre, wielding a +0 giant club (75% to hit)
Okay, then.
The jackal barks!
You scratch the ogre.
The ogre is moderately wounded.
You hear an angry hiss.
The gnoll hits you but does no damage.
You scratch the ogre.
The ogre is heavily wounded.
The ogre hits you with a +0 giant club!
The gnoll hits you from afar with a +0 spear.
You claw the ogre!
The ogre is almost dead.
The ogre hits you with a +0 giant club!!
* * * LOW HITPOINT WARNING * * *
Unknown command.
The gnoll hits you with a +0 flail.
* * * LOW HITPOINT WARNING * * *
The gnoll hits you from afar with a +0 spear.
* * * LOW HITPOINT WARNING * * *
The gnoll hits you with a +0 whip.
* * * LOW HITPOINT WARNING * * *
You climb upwards.
There is a stone staircase leading down here.
A red film seems to cover your vision as you go berserk!
You feel yourself moving faster!
You feel mighty! The gnoll closely misses you. The ogre barely misses you.
You closely miss the ogre.
The ogre is almost dead.
The gnoll barely misses you.
Unknown command.
You barely miss the ogre.
The ogre is almost dead.
The ogre hits you with a +0 giant club!
You die...

.........# #.........###.#...
######...#######.........###).##.
...............#..........÷.)..##
##############+#........######...
####...................## ##..
..................)....# #..
.##....................# #.#
...............)gO.....# #.#
.##.......<.....@......# #####.#
.##.###.)..............## #.....#
.##.# #.................# #.#####
.##.# ###########.......# #.#
.##.########## #.).....###.####
.##.##.......####.......##.....#
.##.##.......').....###.######.#
.##.##)......######.# #.# ###.##
.##...†.......#####.# #.####.#.#.


You could see an ogre and a gnoll (swift).

Vanquished Creatures
  2 scorpions (D:4)
  2 orc priests
  2 hounds (D:4)
  An orc wizard (D:3)
  3 gnolls (D:4)
  4 adders
  An ufetubus (D:4)
  3 worms (D:2)
  17 orcs
  7 ball pythons
  4 endoplasms
  5 giant cockroaches
  6 goblins
  5 hobgoblins
  11 jackals
  4 kobolds
  5 quokkas
  7 bats
  2 frilled lizards
  2 rats
93 creatures vanquished.

Notes
Turn   | Place    | Note
-------+----------+-------------------------------------------
     0 | D:1      | kevlar127 the Troll Berserker began the quest for the Orb.
     0 | D:1      | Reached XP level 1. HP: 22/22 MP: 0/0
   136 | D:1      | Found Nebauq's Weapon Boutique.
   150 | D:1      | Reached XP level 2. HP: 29/29 MP: 1/1
   509 | D:2      | Reached XP level 3. HP: 37/37 MP: 2/2
   842 | D:2      | Found Loc Apar's Antique Armour Boutique.
  1138 | D:2      | Reached skill level 4 in Unarmed Combat
  1140 | D:2      | Reached ** piety under Trog
  1272 | D:3      | Reached XP level 4. HP: 45/45 MP: 3/3
  1603 | D:3      | Reached XP level 5. HP: 52/54 MP: 4/4
  1723 | D:3      | Found a hide-covered altar of Uskayaw.
  1905 | D:3      | Found a faded altar of an unknown god.
  1978 | D:3      | Found a faded altar of an unknown god.
  1982 | D:3      | Found a hazy altar of Hepliaklqana.
  2220 | D:4      | Reached skill level 5 in Unarmed Combat
  2242 | D:4      | Reached XP level 6. HP: 46/62 MP: 5/5
  2627 | D:4      | Reached *** piety under Trog
  3251 | D:5      | Entered Level 5 of the Dungeon
  3262 | D:5      | HP: 3/65 [gnoll/+0 whip[a gnoll bouda] (2)]
  3266 | D:4      | Slain by an ogre

Illustrated notes

Levels and vault maps discovered:
D:1:      psy_arrival_fountain, layout_basic, serial_shops,
          nicolae_shop_advertising_works [nicolae_subvault_shop_adworks]
D:2:      layout_rooms, serial_shops, shop, minmay_misc_feat_four_crosses,
          serial_bayou_pond_e
D:3:      layout_loops_corners, nicolae_overflow_ecumenical_swirl,
          overflow_temple_1_default, basic_ecumenical_altar, st_stairs_2
D:4:      layout_basic, minmay_manual_moon
D:5:      layout_gridville, uniq_duvessa

Skill      XL: |  1  2  3  4  5 |
---------------+----------------+-----
Fighting       | 3 4 |  4.8
Unarmed Combat | 4 5 |  5.8
Dodging        | |  2.4

Action                   |  1- 3 |  4- 6 || total
-------------------------+-------+-------++-------
Melee: Unarmed           |    94 |   174 ||   268
       Punch             |     1 |     2 ||     3
Invok: Berserk           |       |     1 ||     1
 Stab: Sleeping          |       |     1 ||     1
Armor: Animal skin       |    37 |    51 ||    88
Dodge: Dodged            |    57 |    99 ||   156

Table legend: (Time is in decaauts)
 A = Elapsed time spent in this place.
 B = Non-inter-level travel time spent in this place.
 C = Inter-level travel time spent in this place.
 D = Time resting spent in this place.
 E = Time spent auto-exploring this place.
 F = Levels seen in this place.
 G = Mean time per level.
                   A        B        C        D        E       F      G
               +--------+--------+--------+--------+--------+-----+--------+
         Total |   3243 |   3061 |    182 |    324 |   2225 |   5 |  648.6 |
       Dungeon |   3243 |   3061 |    182 |    324 |   2225 |   5 |  648.6 |
               +--------+--------+--------+--------+--------+-----+--------+

Top non-repeatable levels by time:
     D:4: 1139 daAuts
     D:3: 899 daAuts
     D:2: 739 daAuts
     D:1: 454 daAuts
     D:5: 10 daAuts
